 Dungeon Crawl Stone Soup version 0.27.1-33-g824d729ab1 (webtiles) character file.

Game seed: 4946580812708108600

4 alasdair19 the Covered (level 1, 0/20 HPs)
             Began as a Minotaur Fighter on Dec 12, 2021.
             Slain by an orc wizard (4 damage)
             ... on level 1 of the Dungeon.
             The game lasted 00:00:27 (212 turns).

alasdair19 the Covered (Minotaur Fighter)            Turns: 212, Time: 00:00:27

Health: 0/20       AC:  7    Str: 20    XL:     1   Next: 50%
Magic:  0/0        EV:  7    Int:  5    God:
Gold:   10         SH:  9    Dex:  9    Spells: 0/0 levels left

rFire    . . .     SeeInvis .   a - +0 long sword
rCold    . . .     Faith    .   c - +0 kite shield
rNeg     . . .     Spirit   .   b - +0 scale mail
rPois    .         Reflect  .   (helmet restricted)
rElec    .         Harm     .   (no cloak)
rCorr    .         Rampage  .   (no gloves)
Will     .....                  (no boots)
Stlth    ..........             (no amulet)
HPRegen  0.06/turn              (no ring)
MPRegen  0.07/turn              (no ring)

@: mighty
A: horns 2, retaliatory headbutt
a: no special abilities


You were on level 1 of the Dungeon.
You visited 1 branch of the dungeon, and saw 2 of its levels.

You collected 10 gold pieces.

Inventory:

Hand Weapons
 a - a +0 long sword (weapon)
Armour
 b - a +0 scale mail (worn)
 c - a +0 kite shield (worn)
Scrolls
 e - a scroll of fog {unknown}


   Skills:
 + Level 3.7 Fighting
 + Level 2.4 Long Blades
 + Level 3.8 Armour
 + Level 3.7 Shields


You couldn't memorise any spells.
You didn't know any spells.
Your spell library was empty.

Dungeon Overview and Level Annotations

Branches:
Dungeon (2/15)

Altars:


Innate Abilities, Weirdness & Mutations

You have a pair of horns on your head.
You reflexively headbutt those who attack you in melee.


Message History

You closely miss the adder.
The adder is moderately wounded.
You block the adder's attack. The orc hits you with a +0 falchion.
The orc wizard completely misses you. The adder bites you.
You miss the adder.
The adder is moderately wounded.
The orc closely misses you.
You riposte.
You hit the orc.
The orc is lightly wounded.
The orc wizard closely misses you.
You riposte.
You closely miss the orc wizard. You headbutt the orc wizard.
The orc wizard is lightly wounded.
You block the adder's attack. The orc barely misses you.
You block the orc wizard's attack.
You hit the adder.
The adder is heavily wounded.
You block the adder's attack. The orc hits you with a +0 falchion.
The adder bites you but does no damage. You block the orc wizard's attack.
You hit the adder.
The adder is almost dead.
The adder closely misses you. You block the orc's attack.
The orc wizard hits you but does no damage.
The adder bites you but does no damage. The orc hits you but does no damage.
The orc wizard gestures wildly while chanting.
The orc wizard flickers and vanishes!
Deactivating autopickup; reactivate with Ctrl-A.
You miss the adder.
The adder is severely wounded.
You block the adder's attack. The orc hits you but does no damage.
The adder bites you. Something hits you but does no damage.
You miss the adder.
The adder is severely wounded.
The adder bites you but does no damage. The orc hits you but does no damage.
Something hits you. You block the adder's attack.
The orc hits you with a +0 falchion.
* * * LOW HITPOINT WARNING * * *
Something hits you but does no damage.
You feel very mighty all of a sudden. The adder closely misses you.
The orc hits you but does no damage. Something hits you.
You die...

#.............
#.............
#.............
#.............##+#
#.............##S#
#.............##@#
#..............o{#
#.............####
#..............
#.............#
......).......#
...
#.............#
#....
#...#'#########
##....########
..#.#†# #.
.............#


You could see an adder and an orc.

Vanquished Creatures
  A giant cockroach (D:1)
  2 ball pythons (D:1)
  A frilled lizard (D:1)
4 creatures vanquished.

Notes
Turn   | Place    | Note
-------+----------+-------------------------------------------
     0 | D:1      | alasdair19 the Minotaur Fighter began the quest for the
                  | Orb.
     0 | D:1      | Reached XP level 1. HP: 19/19 MP: 0/0
   199 | D:1      | You fall into a shaft and drop 1 floor!
   199 | D:2      | Noticed an orc wizard
   212 | D:1      | Slain by an orc wizard

Illustrated notes

Levels and vault maps discovered:
D:1:      lightli_arrival_quake, layout_basic, serial_shops, shop_scrolls
D:2:      layout_rooms, ebering_ecumenical_altar_sacrificial

Action                   || total
-------------------------++-------
Melee: Long sword        ||    13
       Headbutt          ||     3
  Use: Potion            ||     1
Armor: Scale mail        ||    16
Dodge: Dodged            ||     8
Block: Kite shield       ||    12
       Rpst.: Long sword ||     2
